 Dungeon Crawl Stone Soup version 0.30-a0-711-gf4ac18a38d (webtiles) character file.

Game seed: 11536093207562271193

36 Rennog the Trooper (level 3, -9/31 HPs)
             Began as a Demonspawn Fighter on Jan 23, 2023.
             Splashed by a jelly's acid (10 damage)
             ... on level 2 of the Dungeon.
             The game lasted 00:01:34 (957 turns).

Rennog the Trooper (Demonspawn Fighter)              Turns: 957, Time: 00:01:35

Health: -9/31      AC:  8    Str: 16    XL:     3   Next: 19%
Magic:  3/3        EV:  8    Int:  9    God:
Gold:   77         SH:  4    Dex: 14    Spells: 2/2 levels left

rFire   . . .      SeeInvis .    a - +0 rapier
rCold   . . .      Faith    .    c - +0 buckler
rNeg    . . .      Spirit   .    b - +0 scale mail
rPois   .          Reflect  .    (no helmet)
rElec   .          Harm     .    (no cloak)
rCorr   .          Rampage  .    (no gloves)
Will    .....                    (no boots) Stlth
                                 (no amulet)
HPRegen 0.25/turn                (no ring)
MPRegen 0.08/turn                (no ring)

@: mighty
A: icy blue scales 1, demonic touch 1
a: no special abilities


You were on level 2 of the Dungeon.
You visited 1 branch of the dungeon, and saw 2 of its levels.

You collected 77 gold pieces.

Inventory:

Hand Weapons
 a - a +0 rapier (weapon)
Armour
 b - a +0 scale mail (worn)
 c - a +0 buckler (worn)
Scrolls
 e - 4 scrolls of identify {unknown}
 f - a scroll of immolation {unknown}
 g - a scroll of magic mapping {unknown}
 h - a scroll of enchant weapon {unknown}
 l - a scroll of noise {unknown}
 n - a scroll of enchant armour {unknown}
 o - a scroll of vulnerability {unknown}
 p - a scroll of brand weapon {unknown}
 q - a scroll of poison {unknown}
Potions
 d - a potion of might
 i - a potion of degeneration {unknown}
 j - 2 potions of lignification {unknown}
 k - a potion of invisibility {unknown}
 m - a potion of heal wounds {unknown}
 r - 3 potions of resistance {unknown}


   Skills:
 + Level 4.3 Fighting
 - Level 1.7 Short Blades
 - Level 2.6 Armour
 - Level 2.6 Shields


You had 2 spell levels left.
You didn't know any spells.
Your spell library was empty.

Dungeon Overview and Level Annotations

Branches:
Dungeon (2/15)

Altars:

Shops:
D:1 :   D:2 (


Innate Abilities, Weirdness & Mutations

You are partially covered in icy blue scales. (AC +2)
Your touch may inflict minor irresistible damage on your foes.


Message History

No target in view!
Things that are here:
a +0 dagger; 4 stones As you open the door, it creaks loudly!
A jelly comes into view.
The jelly quivers.
An endoplasm comes into view.
The jelly moves out of view.
Found a hobgoblin skeleton.
An endoplasm is nearby!
An endoplasm is nearby!
An endoplasm is nearby! 2 jellies and 8 endoplasms come into view.
Found four items.
The endoplasm quivers. x6; The jelly quivers.
The endoplasm quivers.
The endoplasm hits the toadstool.
The jelly hits you.
You are splashed with acid!
The endoplasm hits the fungus.
There is an open door here.
You hit the jelly.
Your hands burn!
The jelly is lightly wounded.
The endoplasm hits the fungus.
You block the jelly's attack.
The endoplasm hits the fungus.
The fungus begins to die.
The endoplasm hits the toadstool.
The endoplasm hits the fungus. x2
The jelly barely misses you. The jelly hits you.
You are splashed with acid.
The jelly hits you but does no damage.
The endoplasm hits the fungus. x3
The endoplasm barely misses you.
You are too injured to fight recklessly!
You are too injured to fight recklessly!
The jelly attacks as you move away! The jelly closely misses you.
The jelly attacks as you move away! The jelly hits you.
You are splashed with acid!
* * * LOW HITPOINT WARNING * * *
Things that are here:
a +0 dagger; 4 stones The jelly attacks as you move away!
The jelly hits you but does no damage.
You feel very mighty all of a sudden. The jelly hits you.
* * * LOW HITPOINT WARNING * * *
You are splashed with acid!
You die...

†..........###.....##
..##.).....##.......#
..########.##.......#
... #.##.......# ....
#.......# ....
#....#### .....
#....'..## ########.#
##.J@...## #J#######
#.J.J.J.PJ


#.J.PJP.PJ #...PJJ÷.. #...PJP.P÷ #..÷P.P.P. #.÷÷P.P.P$ ########## You could see
2 jellies.

Vanquished Creatures
  3 ball pythons (D:1)
  4 bats
  An endoplasm (D:1)
  2 giant cockroaches (D:1)
  A goblin (D:2)
  2 hobgoblins (D:1)
  12 kobolds
  A quokka (D:1)
  3 frilled lizards
  5 rats
34 creatures vanquished.

Vanquished Creatures (others)
  5 fungi (D:2)
  2 toadstools (D:2)
7 creatures vanquished.

Grand Total: 41 creatures vanquished

Notes
Turn   | Place    | Note
-------+----------+-------------------------------------------
     0 | D:1      | Rennog the Demonspawn Fighter began the quest for the Orb.
     0 | D:1      | Reached XP level 1. HP: 18/18 MP: 1/1
    84 | D:1      | Found Jonirad's Vocational Training.
   163 | D:1      | Gained mutation: You are partially covered in icy blue
                  | scales. (AC +2) [demonic ancestry]
   163 | D:1      | Reached XP level 2. HP: 24/24 MP: 2/2
   478 | D:1      | Reached skill level 4 in Fighting
   842 | D:2      | Found Itral's Weapon Shop.
   892 | D:2      | Gained mutation: Your touch may inflict minor irresistible
                  | damage on your foes. [demonic ancestry]
   892 | D:2      | Reached XP level 3. HP: 25/30 MP: 3/3
   957 | D:2      | HP: 1/31 [jelly (2)]
   957 | D:2      | Splashed by a jelly's acid

Illustrated notes

Levels and vault maps discovered:
D:1:      dpeg_arrival_prison, layout_loops_ring, nicolae_shop_vocational
D:2:      cheibrodos_fertilizer, layout_basic, serial_shops, shop_coins,
          nicolae_shop_statue_plus, nicolae_shop_window_shopping,
          nicolae_square_shop, nicolae_shop_stone, dreamdust_mushroom_princess,
          uniq_jessica

Skill      XL: |  1  2 |
---------------+-------+-----
Fighting       | 4 |  4.3
Short Blades   | |  1.7
Armour         | |  2.6
Shields        | |  2.6

Action                     || total
---------------------------++-------
  Melee: Rapier            ||   107
    Use: Potion            ||     1
 Armour: Scale mail        ||    73
  Dodge: Dodged            ||    52
  Block: Buckler           ||    26

Table legend: (Time is in decaauts)
 A = Elapsed time spent in this place.
 B = Non-inter-level travel time spent in this place.
 C = Inter-level travel time spent in this place.
 D = Time resting spent in this place.
 E = Time spent auto-exploring this place.
 F = Levels seen in this place.
 G = Mean time per level.
                   A        B        C        D        E       F      G
               +--------+--------+--------+--------+--------+-----+--------+
         Total |    973 |    954 |     19 |      0 |    723 |   2 |  486.5 |
       Dungeon |    973 |    954 |     19 |      0 |    723 |   2 |  486.5 |
               +--------+--------+--------+--------+--------+-----+--------+

Top non-repeatable levels by time:
     D:1: 797 daAuts
     D:2: 175 daAuts
